Map: Ruins of Seras

Players

Jason

  • Race: Zerg Zerg
  • League: Bronze

ImmortalZodd - Winner!

  • Race: Zerg Zerg
  • League: Silver

VOD

Have the link to the VOD?

Description

Time

  • Played on: Jan. 29, 2016, 5:09 p.m.
  • Length: 11:34
Show
View Real Time Build Order
Export as new Build Order

Jason Zerg 

Build Orders: Pool First 

Get SALT Encoding   

  12  0:02  Drone  
  13  0:10  Drone  
  14  0:30  Spawning Pool  
  14  0:31  Drone  
  14  0:38  Extractor  
  14  0:40  Drone  
  14  0:46  Overlord  
  14  1:04  Drone x2  
  14  1:05  Drone  
  17  1:17  Queen  
  19  1:28  Drone  
  19  1:29  Drone  
  21  1:38  Overlord  
  21  1:40  Metabolic Boost  
  21  2:12  Spine Crawler, Zergling x6  
  23  2:18  Spine Crawler  
  22  2:32  Zergling x2  
  22  2:33  Zergling x6  
  26  3:09  Zergling x6  
  26  3:10  Zergling x2  
  30  3:12  Overlord x2  
  30  3:24  Hatchery  
  29  3:40  Zergling x6  
  29  3:41  Zergling x4  
  33  4:12  Drone x3  
  33  4:13  Drone x2  
  38  4:18  Extractor  
  37  4:32  Spore Crawler  
  23  4:42  Queen  
  22  4:47  Lair  
  22  4:50  Drone x5  
  22  4:51  Drone  
  28  5:11  Spine Crawler  
  28  5:13  Drone  
  28  5:14  Drone x2  
  30  5:50  Spire  
  30  5:54  Zergling x12  
  35  6:01  Hatchery  
  34  6:06  Drone  
  34  6:07  Drone x2  
  37  6:18  Overseer x2  
  15  6:41  Zergling x12  
  14  7:05  Mutalisk x2  
  18  7:16  Drone  
  18  7:22  Drone  
  19  7:41  Drone x2  
  21  7:50  Drone  
  17  8:25  Spawning Pool  
  17  8:26  Drone x2  
  18  8:35  Drone  
  18  8:36  Drone  
  18  9:15  Zergling x10  
  18  9:16  Zergling x2  
  24  9:23  Drone x2  
  23  9:45  Zergling x4  
  23  9:54  Zergling x8  
  24  10:23  Zergling x6  
  24  10:24  Zergling x4  
  22  10:43  Hatchery  
  21  11:00  Drone x4  
Show
View Real Time Build Order
Export as new Build Order

ImmortalZodd Zerg - Winner!

Build Orders: Hatch First, Zergling Baneling 

Get SALT Encoding   

  12  0:03  Drone  
  13  0:15  Drone  
  14  0:24  Overlord  
  14  0:30  Drone, Extractor  
  15  0:54  Drone  
  15  0:55  Hatchery  
  15  0:58  Extractor  
  14  1:16  Drone x2  
  14  1:17  Drone  
  17  1:32  Drone, Spawning Pool  
  17  1:45  Drone  
  18  1:52  Drone  
  19  1:59  Overlord  
  19  2:09  Drone  
  19  2:10  Drone  
  21  2:20  Metabolic Boost  
  21  2:21  Queen  
  23  2:25  Zergling x2  
  24  2:31  Queen  
  26  2:38  Drone  
  26  2:42  Zergling x2  
  26  2:43  Drone  
  29  2:48  Drone  
  29  2:50  Drone  
  31  2:52  Drone  
  31  2:56  Drone  
  33  3:02  Drone  
  34  3:11  Drone  
  34  3:12  Drone  
  36  3:18  Baneling Nest  
  36  3:19  Drone  
  36  3:21  Evolution Chamber  
  36  3:23  Zergling x2  
  36  3:30  Overlord x2  
  36  3:47  Overlord x4  
  36  3:57  Zerg Melee Weapons Level 1  
  36  3:58  Drone  
  36  3:59  Drone x2  
  36  4:02  Zergling x2  
  40  4:03  Zergling x2  
  41  4:16  Zergling x8  
  45  4:18  Baneling  
  45  4:19  Baneling x5  
  45  4:32  Zergling x10  
  47  4:47  Zergling x10  
  47  4:49  Baneling x3  
  47  4:50  Baneling x2  
  47  4:51  Baneling  
  52  5:00  Overlord x2  
  52  5:10  Zergling x2  
  52  5:11  Zergling x2  
  54  5:20  Zergling x2  
  54  5:21  Zergling x2  
  56  5:45  Zergling x4  
  56  5:46  Zergling x4  
  60  6:00  Zergling x2  
  60  6:01  Zergling x10  
  66  6:09  Zergling x4  
  66  6:10  Zergling x4  
  66  6:34  Zergling x6  
  66  6:35  Zergling x4  
  68  6:42  Zergling x2  
  69  6:49  Zergling x2  
  69  6:53  Zergling x2  
  53  7:50  Zergling x2  
  53  7:51  Zergling x18  
  57  7:52  Zergling x4  
  57  7:58  Zerg Ground Armor Level 1  
  63  8:08  Roach Warren  
  63  8:11  Queen  
  64  8:15  Queen  
  64  8:18  Spore Crawler  
  64  8:21  Spore Crawler x2  
  62  9:03  Zergling x2  
  62  9:04  Roach x6  
  62  9:05  Roach x2  
  75  10:26  Overlord x6  
Tags
 
Add a new tag
Caveats
  • Supply blocks, unpowered buildings, or Contaminate may cause inaccurate times.
  • Supply counts are checked every 10 seconds.